 Dungeon Crawl Stone Soup version 0.24-a0-368-g0e0cebd0f3 (webtiles) character file.

Game seed: 11906404116132933815

1706 MrOobling the Sneak (level 8, -5/40 HPs)
             Began as a Spriggan Enchanter on May 28, 2019.
             Killed from afar by an orc wizard (6 damage)
             ... with a magic dart
             ... on level 6 of the Dungeon.
             The game lasted 00:43:18 (9896 turns).

MrOobling the Sneak (Spriggan Enchanter)            Turns: 9896, Time: 00:43:19

Health: -5/40      AC:  4    Str:  4    XL:     8   Next: 73%
Magic:  0/19       EV: 18    Int: 19    God:
Gold:   230        SH:  0    Dex: 16    Spells: 13/21 levels left

rFire    . . .     SeeInvis +   c - +2 dagger (flame)
rCold    . . .     Gourm    .   (shield restricted)
rNeg     . . .     Faith    .   b - +0 robe
rPois    .         Spirit   +   (helmet restricted)
rElec    .         Reflect  .   (no cloak)
rCorr    .         Harm     .   (gloves unavailable)
MR       +....                  (boots unavailable)
Stlth    ++++......             e - amulet of guardian spirit
HPRegen  0.13/turn              s - +2 ring of protection
MPRegen  0.16/turn              t - ring of wizardry

@: lethally poisoned (-5 -> -10), very quick
A: very small, unfitting armour, see invisible, herbivore, speed 3, slow
metabolism 2
a: no special abilities


You were on level 6 of the Dungeon.
You were not hungry.

You visited 2 branches of the dungeon, and saw 8 of its levels.

You collected 230 gold pieces.

Inventory:

Hand Weapons
 a - a +1 dagger
 c - a +2 dagger of flaming (weapon)
 w - the cursed +2 short sword of Fuvvueti {pain, +Inv rN+}
   (You took it off an orc on level 3 of the Dungeon)

   In the hands of one skilled in necromantic magic, it inflicts extra damage on
   living creatures.
   It protects you from negative energy.
   It lets you turn invisible.
   It has a curse placed upon it.
Armour
 b - a +0 robe (worn)
 p - a +0 buckler
Jewellery
 e - an amulet of guardian spirit (around neck)
 s - a +2 ring of protection (left hand)
 t - a ring of wizardry (right hand)
Wands
 y - a wand of polymorph (4)
Scrolls
 h - a scroll of noise {unknown}
 i - 4 scrolls of remove curse
 l - 8 scrolls of identify
 m - 3 scrolls of enchant weapon
 o - 2 scrolls of teleportation
 q - 7 scrolls of immolation {unknown}
 u - a scroll of enchant armour {unknown}
 v - a scroll of magic mapping {unknown}
 x - a scroll of fog {unknown}
 B - a scroll of vulnerability {unknown}
Potions
 f - 2 potions of flight
 g - a potion of haste {unknown}
 j - 4 potions of curing {unknown}
 k - 2 potions of agility {unknown}
 n - 2 potions of magic {unknown}
 r - 2 potions of cancellation {unknown}
 z - 3 potions of brilliance {unknown}
 A - a potion of might {unknown}
Comestibles
 d - 5 rations


   Skills:
 + Level 3.3 Fighting
 * Level 6.2 Short Blades
 - Level 3.0 Dodging
 + Level 7.9 Stealth
 + Level 2.9 Shields
 + Level 7.0 Spellcasting
 - Level 5.0 Hexes
 + Level 0.9 Translocations


You had 13 spell levels left.
You knew the following spells:

 Your Spells              Type           Power        Failure   Level  Hunger
a - Corona                Hex            ####...      1%          1    None
b - Ensorcelled Hibernat  Hex/Ice        ###...       2%          2    None
c - Confuse               Hex            ####....     1%          3    #......
d - Blink                 Tloc           N/A          4%          2    None

Your spell library contained the following spells:

 Spells                   Type           Power        Failure   Level  Hunger
 Slow                     Hex            ####....     1%          2    None
 Tukima's Dance           Hex            ####....     1%          3    #......
 Magic Dart               Conj           #...         4%          1    None
 Dazzling Spray           Conj/Hex       ###...       4%          3    #......
 Call Imp                 Summ           #.......     6%          2    None
 Conjure Flame            Conj/Fire      #.......     12%         3    #......
 Mephitic Cloud           Conj/Pois/Air  #.......     12%         3    #......


Dungeon Overview and Level Annotations

Branches:
Dungeon (7/15)             Temple (1/1) D:5

Altars:
Ashenzari
Cheibriados
Dithmenos
Elyvilon
Fedhas
Hepliaklqana
Kikubaaqudgha
Makhleb
Nemelex Xobeh
Okawaru
Qazlal
Ru
Sif Muna
Trog
Uskayaw
Vehumet
Wu Jian
Xom
Yredelemnul
Zin
The Shining One
Beogh

Annotations:
D:6 exclusion: statue


Innate Abilities, Weirdness & Mutations

You are very small and have problems with some larger weapons.
You are too small for most types of armour.
You have supernaturally acute eyesight. (SInv)
You are a herbivore.
You cover ground extremely quickly.
You need to consume almost no food.


Message History

You closely miss the orc wizard.
You feel sick. The orc wizard misses you.
You hit the orc wizard. You burn the orc wizard.
The orc wizard is lightly wounded.
The orc wizard closely misses you.
You hit the orc wizard. You burn the orc wizard.
The orc wizard is heavily wounded.
The orc wizard gestures at you while chanting.
The magic dart hits you!
* * * LOW HITPOINT WARNING * * *
You completely miss the orc wizard.
The orc wizard is heavily wounded.
* * * LOW HITPOINT WARNING * * *
You feel sick. The orc wizard closely misses you.
Things that are here:
a +0 battleaxe; a +0 chain mail; an orc corpse
* * * LOW HITPOINT WARNING * * *
You feel sick.
The orc wizard points at you and mumbles some strange words.
The magic dart hits you.
You die...

#.................[.......#
#.................######### #
#.#########.......# #
#.#.......#..####.########## #
#.[..._.8.#..####........)(###
##.#....%..#..##...............
#..#########..##.#...#...#...#.
#.............##..#...#...#...#
#.##########..@....#..[#..)#...
#.# #.....##..##..#...#...#...#
##.###.###.##).##.#...#...#...#.
#.......##.##o.##...............
##.###..............#...#...#...
#.# #.....#.......#)..#...#...#
#.# ########...#[#...#...#[..#.
#.#### #..##..#...#...#...#
###....# #.......#...#...#...


You could see an orc wizard.

Vanquished Creatures
  An orc warrior (D:6)
  A phantom (D:4)
  An ice beast (D:5)
  2 ogres (D:6)
  4 centaurs
  The ghost of sking99 the Digger, an amateur GrEE (D:3)
  A bullfrog (D:5)
  A scorpion (D:6)
  A wight (D:6)
  3 crimson imps
  A centaur zombie (D:6)
  4 hounds
  2 orc priests (D:4)
  2 orc wizards
  Terence (D:2)
  A worker ant (D:5)
  A worker ant zombie (D:5)
  A howler monkey zombie (D:6)
  9 adders
  7 gnolls
  An ooze (D:1)
  An adder zombie (D:6)
  2 adder skeletons (D:4)
  2 worms
  3 dart slugs
  4 leopard geckos
  17 orcs
  A ball python (D:3)
  4 giant cockroaches
  11 goblins
  5 hobgoblins
  16 jackals
  3 quokkas
  6 bats
  3 frilled lizards
  6 kobolds
  3 leopard gecko skeletons (D:5)
  5 rats
138 creatures vanquished.

Notes
Turn   | Place    | Note
-------+----------+-------------------------------------------
     0 | D:1      | MrOobling the Spriggan Enchanter began the quest for the
                  | Orb.
     0 | D:1      | Reached XP level 1. HP: 9/9 MP: 5/5
   283 | D:1      | Reached XP level 2. HP: 3/13 MP: 7/7
   585 | D:1      | Learned a level 2 spell: Ensorcelled Hibernation
  1180 | D:1      | Reached XP level 3. HP: 16/16 MP: 9/9
  1526 | D:2      | Noticed Terence
  1645 | D:2      | Killed Terence
  1645 | D:2      | Reached skill level 5 in Hexes
  1645 | D:2      | Reached XP level 4. HP: 21/21 MP: 8/11
  2232 | D:2      | Found a stormy altar of Qazlal.
  2525 | D:2      | Found an ancient bone altar of Kikubaaqudgha.
  2612 | D:2      | Found a snail-covered altar of Cheibriados.
  2950 | D:3      | Reached XP level 5. HP: 25/25 MP: 13/13
  3169 | D:3      | Learned a level 3 spell: Confuse
  3297 | D:3      | You fall into a shaft and drop 1 floor!
  3308 | D:4      | Noticed an ogre
  3315 | D:4      | Reached skill level 5 in Stealth
  3840 | D:3      | Found a shattered altar of Ashenzari.
  3848 | D:3      | Found a runed translucent gate.
  3849 | D:3      | Found a runed translucent gate.
  3849 | D:3      | Identified the cursed +2 short sword of Fuvvueti {pain,
                  | +Inv rN+}
  3850 | D:3      | Found a runed translucent gate.
  3850 | D:3      | Noticed sking99's ghost (amateur GrEE)
  3858 | D:3      | Found a roughly hewn altar of Beogh.
  4182 | D:3      | Reached skill level 5 in Spellcasting
  4191 | D:3      | Reached skill level 1 in Fighting
  4478 | D:3      | HP: 1/25 [gnoll/+0 spear (3)]
  5243 | D:3      | Killed sking99's ghost
  5243 | D:3      | Reached skill level 1 in Shields
  5243 | D:3      | Reached XP level 6. HP: 29/30 MP: 11/15
  5821 | D:4      | Found a hide-covered altar of Uskayaw.
  5821 | D:4      | Found a bloodstained altar of Trog.
  6347 | D:4      | Reached XP level 7. HP: 27/34 MP: 0/16
  6642 | D:5      | Entered Level 5 of the Dungeon
  6859 | D:5      | Found a staircase to the Ecumenical Temple.
  6881 | Temple   | Entered the Ecumenical Temple
  7290 | D:5      | Found a snail-covered altar of Cheibriados.
  8255 | D:6      | Reached XP level 8. HP: 39/39 MP: 18/18
  8621 | D:6      | Reached skill level 5 in Short Blades
  9481 | D:6      | Learned a level 2 spell: Blink
  9553 | D:6      | Found a radiant altar of Vehumet.
  9892 | D:6      | HP: 2/40 [orc wizard/magic dart (11)]
  9896 | D:6      | Killed from afar by an orc wizard

Levels and vault maps discovered:
D:1:      eino_arrival_water_cross, layout_rooms, minmay_tall_x
D:2:      layout_loops_ring, nicolae_overflow_crystal_walls, lemuel_round_altar,
          kennysheep_slug_shrine, uniq_terence
D:3:      layout_loops_corners, ashenzari_altar_1, biasface_ghost_orc_armoury,
          minmay_door_square, minmay_large_rounded_square, small_statue_alley_b,
          hangedman_decor_lopped
D:4:      layout_cave_pools, grunt_temple_overflow_open,
          nicolae_ossuary_entry_plus, first_ration,
          hangedman_abyss_or_decor_stabs, nrook_campfire,
          hangedman_abyss_or_decor_passed
D:5:      layout_loops_corners, kennysheep_mini_moat,
          minmay_temple_entry_drinking_statues, serial_rivers,
          chequers_serial_rivers_micro_a, chequers_serial_rivers_room_a,
          chequers_serial_rivers_marsh, chequers_serial_rivers_micro_a,
          chequers_serial_rivers_marsh, chequers_serial_rivers_micro_b
D:6:      cheibrodos_fzero, layout_loops_corners, vehumet_statue
D:7:      layout_rooms, uniq_menkaure
Temple:   zaba_magenta_temple

Skill      XL: |  1  2  3  4  5  6  7  8 |
---------------+-------------------------+-----
Spellcasting   | 3 4 5 6 7 |  7.0
Hexes          | 4 5 |  5.0
Stealth        | 5 6 7 |  7.9
Short Blades   | 2 3 4 6 |  6.2
Fighting       | 1 2 3 |  3.3
Shields        | 1 2 |  2.9
Dodging        | |  3.0
Translocations | |  0.9

Action                   |  1- 3 |  4- 6 |  7- 9 || total
-------------------------+-------+-------+-------++-------
Melee: Dagger            |   116 |   238 |   111 ||   465
 Cast: Ensorcelled Hiber |    11 |    53 |    56 ||   120
       Confuse           |       |     4 |    12 ||    16
  Use: Scroll            |       |     4 |       ||     4
 Stab: Sleeping          |    11 |    26 |    37 ||    74
       Confused          |       |     3 |     7 ||    10
       Distracted        |       |       |     1 ||     1
  Eat: Ration            |       |     3 |     1 ||     4
Armor: Robe              |    12 |    11 |    16 ||    39
Dodge: Dodged            |   116 |   187 |    77 ||   380

Table legend:
 A = Non-vault XP
 B = Vault XP
 C = Vault XP percentage of total XP
 D = Non-vault monster count
 E = Vault monster count
 F = Vault count percentage of total count
                 A         B        C        D         E       F
            +---------+---------+-------+---------+---------+-------
      Total |    1739 |     699 |  28.7 |     112 |      26 |  18.8
            +---------+---------+-------+---------+---------+-------
        D:1 |      47 |       8 |  14.5 |      23 |       4 |  14.8
        D:2 |      86 |      40 |  31.7 |      16 |       2 |  11.1
        D:3 |     118 |     121 |  50.6 |      19 |       8 |  29.6
        D:4 |     412 |       0 |   0.0 |      17 |       0 |   0.0
        D:5 |     608 |      90 |  12.9 |      26 |       1 |   3.7
        D:6 |     468 |     440 |  48.5 |      11 |      11 |  50.0
            +---------+---------+-------+---------+---------+-------
